AoeStats
← 化劲省二

MegaRandom

504520338Analyzed
1v1 RM · 28d ago on Sep 5, 2026· 52m 50s· 2 players
Game mode
Random Map
Map size
Tiny (2 player)
Population
200
Speed
Normal
Resources
Standard
Victory
Conquest
Starting age
Dark Age
Ending age
Imperial Age
RankedLock teamsTeams togetherTeam positionsShared explorationLock speedFull tech treeHidden civsTurbo modeCheats
Victory
Defeat
🇨🇳 Khitans · China
1208
+15
🇨🇦 Georgians · Canada
1189
-15
BJL
5:13 Loom
8:01 Feudal Age
8:58 Double-Bit Axe
15:56 Castle Age
14:19 Gold Mining
15:23 Bloodlines
15:51 Horse Collar
19:18 Scale Barding Armor
22:58 Wheelbarrow
24:07 Husbandry
30:35 Chain Barding Armor
33:58 Imperial Age
32:00 Forging
37:12 Iron Casting
37:22 Ballistics
37:13 Masonry
38:06 Fletching
40:16 Hand Cart
42:43 Plate Barding Armor
43:05 Bodkin Arrow
44:49 Svan Towers
46:31 Blast Furnace
46:38 Bracer
46:37 Cavalier
47:17 Light Cavalry
50:32 Chemistry
51:20 Hussar
52:40 Hussar
化劲省二
0:30 Loom
10:37 Feudal Age
14:16 Castle Age
12:32 Double-Bit Axe
15:06 Wheelbarrow
17:22 Forging
18:40 Domestication
20:24 Pastoralism
21:47 Bow Saw
21:42 Husbandry
22:13 Town Watch
23:00 Pikeman
24:01 Scale Barding Armor
23:56 Light Cavalry
27:12 Hand Cart
28:23 Squires
28:23 Gold Mining
30:00 Iron Casting
30:35 Chain Barding Armor
31:19 Scale Mail Armor
34:02 Chain Mail Armor
38:33 Imperial Age
37:58 Stone Mining
40:22 Plate Barding Armor
39:39 Fletching
39:24 Hussar
41:53 Two-Man Saw
41:28 Transhumance
41:43 Plate Mail Armor
41:13 Padded Archer Armor
41:32 Masonry
41:02 Treadmill Crane
41:13 Arson
41:48 Guilds
41:56 Capped Ram
43:20 Conscription
45:39 Chemistry
45:31 Ordo Cavalry
45:46 Leather Archer Armor
45:56 Town Patrol
47:57 Siege Ram
49:05 Lamellar Armor
49:29 Bodkin Arrow
50:05 Siege Engineers
50:51 Bracer
51:22 Ring Archer Armor
Connection lost

Rejoining the realm…

Still unreachable

The connection could not be restored.

Session expired

The server has moved on; the page needs a fresh start.